[Event "EU-ch 12th"]
[Site "Aix les Bains"]
[Date "2011.03.22"]
[Round "1"]
[White "Bartel, Mateusz"]
[Black "Tate, Alan"]
[Result "1-0"]
[ECO "B24"]
[WhiteElo "2638"]
[BlackElo "2300"]
[Annotator "Marchand,A/Primel,D"]
[PlyCount "49"]
[EventDate "2011.03.22"]
[EventType "swiss"]
[EventRounds "11"]
[EventCountry "FRA"]
[SourceTitle "CBM 142 Extra"]
[Source "ChessBase"]
[SourceDate "2011.06.27"]
[SourceVersion "1"]
[SourceVersionDate "2011.06.27"]
[SourceQuality "1"]
[TimeControl "40/5400+30:1800+30"]

1. e4 c5 2. Nc3 d6 3. Nge2 Nf6 4. g3 Nc6 5. Bg2 g6 6. O-O Bg7 7. a3 {[%cal
Ga1b1,Gb2b4] Une ligne secondaire souvent jouée par Murrey} (7. d3 {La grande
ligne} O-O 8. h3) 7... O-O 8. Rb1 Rb8 (8... a5) (8... e5) 9. b4 Nd7 10. d3 b6
11. Bg5 $146 ({RR} 11. Nd5 e6 12. Ne3 Nd4 13. Bb2 Bb7 14. Nf4 b5 15. c3 Nc6 16.
a4 a6 17. axb5 axb5 18. d4 Nb6 19. Ba1 Ra8 20. bxc5 dxc5 21. dxc5 Nd7 22. c4 {
1/2-1/2 Van der Wiel,J (2509)-Naiditsch,A (2557)/Essen 2002/CBM 090}) 11... Bb7
12. Qd2 Nd4 {Thématique dans la silicienne fermée mais peut-être pas très
précis dans cette position.} 13. Nxd4 cxd4 14. Nb5 Bc6 $6 (14... Ba6 $142 15.
Nxa7 Ne5 16. f4 Ra8 17. b5 Bb7 18. fxe5 Rxa7 $132)
15. Nxa7 Ba4 16. b5 Ne5 17. Rb4 Ra8 18. Rxa4 Qc7 19. f4 Ng4 20. Bxe7 Qxe7 21.
Nc6 Qc7 22. Rxa8 Rxa8 23. Ra1 Re8 24. Bf3 Ne3 25. c3 1-0